 Dungeon Crawl Stone Soup version 0.31.0-12-g77e489cdc1 (webtiles) character file.

Game seed: 10267744922925726928

20 112233 the Magician (level 2, -3/19 HPs)
             Began as a Mummy Summoner on Feb 17, 2024.
             Slain by a ribbon worm (8 damage)
             ... on level 2 of the Dungeon.
             The game lasted 00:02:17 (1015 turns).

112233 the Magician (Mummy Summoner)                Turns: 1015, Time: 00:02:18

Health: -3/19      AC:  2    Str: 11    XL:     2   Next: 58%
Magic:  10/16      EV:  6    Int: 14    God:
Gold:   56         SH:  0    Dex: 12    Spells: 8/9 levels left

rFire   x . .        (no weapon)
rCold   + . .        (no shield)
rNeg    + + +        a - +0 robe
rPois   ∞            (no helmet)
rElec   .            (no cloak)
rCorr   .            (no gloves)
SInv    .            (no boots)
Will    .....        (no amulet)
Stlth   ++           d - ring of magical power
HPRegen 0.23/turn    (no ring)
MPRegen 0.15/turn

%: faith
@: very slightly contaminated, held
A: cold resistance 1, negative energy resistance 3, torment resistance 2, heat
vulnerability 1, in touch with death 1, no potions, faith
a: no special abilities


You were on level 2 of the Dungeon.
You visited 1 branch of the dungeon, and saw 2 of its levels.

You collected 56 gold pieces.

Inventory:

Missiles
 b - 4 curare-tipped darts (quivered)
Armour
 a - a +0 robe (worn)
Jewellery
 d - a ring of magical power (left hand)


   Skills:
 - Level 1.5 Dodging
 - Level 1.5 Stealth
 + Level 4.1 Spellcasting
 - Level 3.2 Summonings


You had 8 spell levels left.
You knew the following spells:

 Your Spells              Type           Power      Damage    Failure   Level
a - Summon Small Mammal   Summ           48%        N/A       4%          1

Your spell library contained the following spells:

 Spells                   Type           Power      Damage    Failure   Level
 Call Imp                 Summ           24%        N/A       8%          2
 Call Canine Familiar     Summ           12%        N/A       16%         3
 Summon Blazeheart Golem  Fire/Summ      7%         N/A       67%         4
 Summon Lightning Spire   Summ/Air       7%         N/A       67%         4


Dungeon Overview and Level Annotations

Branches:
Dungeon (2/15)

Altars:
Uskayaw


Innate Abilities, Weirdness & Mutations

You are immune to poison.
Your flesh is cold resistant. (rC+)
You are immune to negative energy. (rN+++)
You are immune to unholy pain and torment.
You are vulnerable to heat. (rF-)
You are in touch with the powers of death.
You do not drink.
You have a special connection with the divine. (Faith)


Message History

Your quokka dies!
Your quokka's corpse disappears in a puff of smoke!
The ribbon worm bites your rat.
Your rat dies!
Your rat's corpse disappears in a puff of smoke!
Casting: Summon Small Mammal (safe; 4% risk of failure)
Confirm with . or Enter, or press ? or * to list all spells.
You miscast Summon Small Mammal.
You are very lightly contaminated with residual magic.
Nothing appears to happen.
The ribbon worm expels a string of sticky webbing.
The stream of webbing hits you but does no damage.
You are even more entangled.
Casting: Summon Small Mammal (safe; 4% risk of failure)
Confirm with . or Enter, or press ? or * to list all spells.
The ribbon worm bites you but does no damage.
Your bat hits the ribbon worm but does no damage.
Your bat hits the ribbon worm.
The ribbon worm expels a string of sticky webbing.
The stream of webbing hits your bat but does no damage.
Your bat is caught in a web!
Your bat struggles to get unstuck from the web.
Unknown command.
You struggle to detach yourself from the web.
Your bat struggles to get unstuck from the web. x2
The ribbon worm barely misses you. The ribbon worm closely misses you.
Your bat tears the web.
You struggle to detach yourself from the web.
Your bat hits the ribbon worm.
The ribbon worm bites you but does no damage.
The ribbon worm bites you!
* * * LOW HITPOINT WARNING * * *
Unknown command.
You can't drink.
Unknown command.
As you read the scroll labelled CEKE QIZUUPAE, it crumbles to dust.
It is a scroll of identify.
You don't currently have any unidentified items.
Your bat hits the ribbon worm. The ribbon worm bites you!
You die...

#....# ######.##.###
............# ###
......#.#.#.##### #.###
####...#........ ....####
#######.##### #.#.##.# #[###
#.#.##.##################...#
###.#...[...../w@w.b..........###
.........##################.÷....
####.##### ##.....[ #.#
######...._.. ##.# #............
#..# #.####....... #.## ##.###.#
#.# #..###.# #.# #......#


You could see 2 ribbon worms and a friendly bat (summoned).

Vanquished Creatures (collateral kills)
  A dart slug (D:2)
  4 ball pythons
  3 endoplasms (D:2)
  A giant cockroach (D:2)
  A goblin (D:2)
  3 hobgoblins (D:2)
  A frilled lizard (D:2)
  A rat (D:2)
15 creatures vanquished.

Notes
Turn   | Place    | Note
-------+----------+-------------------------------------------
     0 | D:1      | 112233 the Mummy Summoner began the quest for the Orb.
     0 | D:1      | Reached XP level 1. HP: 13/13 MP: 4/4
    67 | D:2      | Found a hide-covered altar of Uskayaw.
   233 | D:2      | Reached skill level 3 in Spellcasting
   438 | D:2      | Reached XP level 2. HP: 19/19 MP: 2/6
   706 | D:1      | Found a faded altar of an unknown god.
   868 | D:2      | Reached skill level 4 in Spellcasting
  1015 | D:2      | Slain by a ribbon worm

Illustrated notes

Levels and vault maps discovered:
D:1:      dpeg_arrival_rooms_c, layout_rooms, shapermc_ecumenical_altar_pompeii,
          serial_shops, shop, bh_walls_and_bars
D:2:      layout_loops_ring, basic_altar,
          nicolae_concentric_dashed_squares_mild, minmay_goblin_kobold_house

Skill      XL: |  1  2 |
---------------+-------+-----
Spellcasting   | 3 4 |  4.1
Dodging        | |  1.5
Stealth        | |  1.5
Summonings     | |  3.2

Action                     || total
---------------------------++-------
  Melee: Unarmed           ||    21
   Cast: Summon Small Mamm ||    53
    Use: Scroll            ||     1
 Armour: Robe              ||    51
  Dodge: Dodged            ||    57
